 Dungeon Crawl Stone Soup version 0.29-a0-283-ga02f740833 (webtiles) character file.

Game seed: 1570285066002440410

25 Aksej the Grave Robber (level 2, 0/20 HPs)
             Began as a Demonspawn Necromancer on Mar 13, 2022.
             Slain by a jackal (3 damage)
             ... on level 1 of the Dungeon.
             The game lasted 00:05:06 (847 turns).

Aksej the Grave Robber (Demonspawn Necromancer)      Turns: 847, Time: 00:05:06

Health: 0/20       AC:  2    Str:  8    XL:     2   Next: 86%
Magic:  14/14      EV: 12    Int: 16    God:
Gold:   54         SH:  0    Dex: 13    Spells: 2/5 levels left

rFire   . . .      SeeInvis .   (no weapon)
rCold   . . .      Faith    .   (no shield)
rNeg    . . .      Spirit   .   a - +0 robe
rPois   .          Reflect  .   (no helmet)
rElec   .          Harm     .   (no cloak)
rCorr   .          Rampage  .   (no gloves)
Will    .....                   (no boots)
Stlth   ++........              (no amulet)
HPRegen 0.06/turn               c - ring of magical power
MPRegen 0.14/turn               (no ring)

@: no status effects
A: powered by death 1
a: no special abilities


You were on level 1 of the Dungeon.
You visited 1 branch of the dungeon, and saw 2 of its levels.

You collected 54 gold pieces.

Inventory:

Armour
 a - a +0 robe (worn)
Jewellery
 c - a ring of magical power (left hand)
Potions
 b - 2 potions of magic
 d - 2 potions of invisibility {unknown}
 e - a potion of flight {unknown}
 h - a potion of attraction {unknown}


   Skills:
 * Level 0.6 Fighting
 + Level 1.7 Dodging
 + Level 1.7 Stealth
 * Level 2.3 Spellcasting
 * Level 5.1 Necromancy


You had 2 spell levels left.
You knew the following spells:

 Your Spells              Type           Power      Damage    Failure   Level
a - Pain                  Necr           72%        1d7       2%          1
b - Animate Skeleton      Necr           36%        N/A       2%          1
c - Foxfire               Conj/Fire      4%         2x1d4     21%         1

Your spell library contained the following spells:

 Spells                   Type           Power      Damage    Failure   Level
 Vampiric Draining        Necr           18%        2d7       8%          3
 Animate Dead             Necr           9%         N/A       24%         4
 Conjure Flame            Conj/Fire      1%         6-21      52%         3
 Dazzling Flash           Conj/Hex       2%         N/A       52%         3
 Inner Flame              Hex/Fire       1%         N/A       52%         3
 Agony                    Necr           18%        N/A       56%         5
 Flame Wave               Conj/Fire      1%         2d4       90%         4
 Iskenderun's Mystic Bla  Conj/Tloc      1%         2d3       90%         4
 Starburst                Conj/Fire      0%         6d3       100%        6


Dungeon Overview and Level Annotations

Branches:
Dungeon (2/15)

Altars:


Innate Abilities, Weirdness & Mutations

You regenerate a little health from kills.


Message History

You completely miss the jackal. The jackal bites you. x2
You hit the jackal but do no damage. The jackal bites you.
You hit the jackal but do no damage. The jackal closely misses you.
The jackal completely misses you.
You hit the jackal but do no damage. The jackal barely misses you.
You hit the jackal but do no damage. The jackal misses you.
You hit the jackal.
The jackal is moderately wounded.
The jackal pauses to sniff the ground.
The jackal bites you. The jackal barely misses you.
You closely miss the jackal.
The jackal is moderately wounded.
The jackal bites you.
You barely miss the jackal.
The jackal is moderately wounded.
The jackal misses you. The jackal closely misses you.
You closely miss the jackal. The jackal closely misses you.
You hit the jackal but do no damage.
The jackal bites you but does no damage.
You barely miss the jackal.
The jackal bites you but does no damage.
The jackal bites you.
You hit the jackal but do no damage.
The jackal bites you but does no damage.
You hit the jackal.
The jackal is moderately wounded.
The jackal barely misses you. The jackal bites you.
* * * LOW HITPOINT WARNING * * *
You hit the jackal but do no damage.
The jackal is moderately wounded.
The jackal barely misses you.
You miss the jackal.
The jackal is moderately wounded.
The jackal bites you.
* * * LOW HITPOINT WARNING * * *
Casting: Animate Skeleton (safe; 2% risk of failure)
Confirm with . or Enter, or press ? or * to list all spells.
Okay, then.
The jackal bites you.
You die...

..#### #.##...##...#########
..######## ##.#....####..........
.........###....#..#####........(
#....###...............:.........
####.######...#####.####.........
#..#####...# #.# #.........
#........#######.####.........
##.##..>...h##.........#######.
###..#......#hhh@##.#######......
..)..^......#######.# ####..#####
.#+#..##....# #.###....##
.....#...##########.##..####
.......................##
##.#......##############
.#....#...# .._.......#
.#.#......#


You could see 4 jackals.

Vanquished Creatures
  4 ball pythons (D:1)
  2 endoplasms (D:1)
  4 hobgoblins (D:1)
  2 kobolds (D:1)
  A bat (D:1)
  2 goblins (D:1)
  A rat (D:1)
16 creatures vanquished.

Vanquished Creatures (collateral kills)
  3 endoplasms (D:1)
  A hobgoblin (D:1)
  A ball python (D:1)
  A bat (D:1)
  A kobold (D:1)
7 creatures vanquished.

Vanquished Creatures (others)
  21 foxfires (D:1)
21 creatures vanquished.

Grand Total: 44 creatures vanquished

Notes
Turn   | Place    | Note
-------+----------+-------------------------------------------
     0 | D:1      | Aksej the Demonspawn Necromancer began the quest for the
                  | Orb.
     0 | D:1      | Reached XP level 1. HP: 13/13 MP: 3/3
     5 | D:1      | Learned a level 1 spell: Animate Skeleton
   204 | D:1      | Gained mutation: You regenerate a little health from kills.
                  | [demonic ancestry]
   204 | D:1      | Reached XP level 2. HP: 7/19 MP: 5/5
   270 | D:1      | Reached skill level 5 in Necromancy
   276 | D:1      | Found a faded altar of an unknown god.
   294 | D:1      | Learned a level 1 spell: Foxfire
   847 | D:1      | Slain by a jackal

Illustrated notes

Levels and vault maps discovered:
D:1:      dpeg_arrival_prison, layout_rooms, hellmonk_ecumenical_altar_blasted
D:2:      layout_rooms, grunt_decor_mini_mirrors

Skill      XL: |  1  2 |
---------------+-------+-----
Necromancy     | 5 |  5.1
Fighting       | |  0.6
Dodging        | |  1.7
Stealth        | |  1.7
Spellcasting   | |  2.3

Action                   || total
-------------------------++-------
Melee: Unarmed           ||    44
       Punch             ||     1
 Cast: Pain              ||    22
       Animate Skeleton  ||    12
       Foxfire           ||    11
  Use: Scroll            ||     2
Armor: Robe              ||    13
Dodge: Dodged            ||    63

Table legend: (Time is in decaauts)
 A = Elapsed time spent in this place.
 B = Non-inter-level travel time spent in this place.
 C = Inter-level travel time spent in this place.
 D = Time resting spent in this place.
 E = Time spent auto-exploring this place.
 F = Levels seen in this place.
 G = Mean time per level.
                   A        B        C        D        E       F      G
               +--------+--------+--------+--------+--------+-----+--------+
         Total |    847 |    807 |     40 |      0 |    434 |   2 |  423.5 |
       Dungeon |    847 |    807 |     40 |      0 |    434 |   2 |  423.5 |
               +--------+--------+--------+--------+--------+-----+--------+

Top non-repeatable levels by time:
     D:1: 843 daAuts
     D:2: 4 daAuts
